 Dungeon Crawl Stone Soup version 0.19-a0-1882-gbb73ea0 (webtiles) character file.

326 esc the Stinger (level 6, 0/41 HPs)
             Began as a Mummy Venom Mage on Oct 14, 2016.
             Was an Initiate of Ashenzari.
             Slain by an adder (2 damage)
             ... on level 4 of the Dungeon.
             The game lasted 00:16:15 (3830 turns).

esc the Stinger (Mummy Venom Mage)                  Turns: 3830, Time: 00:16:16

Health: 0/41       AC:  4    Str: 11    XL:     6   Next: 24%
Magic:  2/11       EV: 13    Int: 16    God:    Ashenzari [......]
Gold:   167        SH:  0    Dex: 13    Spells: 2 memorised, 9 levels left

rFire  x . .     SeeInvis +     i - +0 dagger (venom)
rCold  + . .     Gourm    .     q - +2 robe {rN+}
rNeg   + + +     Faith    .     (no shield)
rPois  ∞         Spirit   .     (no helmet)
rElec  .         Dismiss  .     (no cloak)
rCorr  .         Reflect  .     (no gloves)
MR     .....     Harm     .     (no boots)
Stlth  +++.......               (no amulet)
                                v - ring of see invisible {sInv, !d}
                                h - ring of stealth {Stlth+}

@: very slightly contaminated
A: no food or potions, fire vulnerability, cold resistance 1, negative energy
resistance 3, torment resistance, unbreathing
a: Curse Item, Renounce Religion


You were on level 4 of the Dungeon.
You worshipped Ashenzari.
Ashenzari was noncommittal.
You were not hungry.

You visited 2 branches of the dungeon, and saw 5 of its levels.

You collected 167 gold pieces.

Inventory:

Hand Weapons
 d - a +0 whip
   (You took it off a kobold on level 1 of the Dungeon)
 i - a +0 dagger of venom (weapon)
   (You took it off a goblin on level 2 of the Dungeon)
 o - a +0 blowgun
   (You took it off a kobold on level 3 of the Dungeon)
Missiles
 k - 46 stones (quivered)
 p - 19 poisoned needles
 s - 5 javelins
Armour
 a - a +0 robe
 q - a +2 robe of positive energy (worn)
   (You took it off Jessica on level 3 of the Dungeon)
Jewellery
 h - a ring of stealth (left hand) {Stlth+}
   (You found it on level 2 of the Dungeon)
 u - an uncursed ring of protection from cold {rC+, !d}
   (You found it on level 4 of the Dungeon)
 v - a ring of see invisible (right hand) {sInv, !d}
   (You found it on level 4 of the Dungeon)
Wands
 l - a wand of acid (6/15)
   (You found it on level 3 of the Dungeon)
Scrolls
 c - a scroll of fear {unknown}
 e - 2 scrolls of amnesia {unknown}
 f - 4 scrolls of identify
 g - 2 scrolls of recharging
 n - 2 scrolls of blinking {unknown}
Books
 b - a Young Poisoner's Handbook
 m - a book of Cantrips
   (You found it on level 3 of the Dungeon)


   Skills:
 + Level 0.2 Short Blades
 + Level 2.6 Dodging
 + Level 2.8 Stealth
 + Level 3.3 Spellcasting
 + Level 1.9 Conjurations
 + Level 4.1 Poison Magic


You had 9 spell levels left.
You knew the following spells:

 Your Spells              Type           Power        Failure   Level  Hunger
a - Sting                 Conj/Pois      ##..         8%          1    N/A
g - Apportation           Tloc           #.........   21%         1    N/A

Dungeon Overview and Level Annotations

Branches:
Dungeon (4/15)             Temple (1/1) D:4

Altars:
Ashenzari
Cheibriados
Dithmenos
Elyvilon
Gozag
Hepliaklqana
Kikubaaqudgha
Makhleb
Nemelex Xobeh
Okawaru
Qazlal
Ru
Trog
Uskayaw
Vehumet
Xom
Yredelemnul
Zin
The Shining One


Innate Abilities, Weirdness & Mutations

You do not eat or drink.
Your flesh is vulnerable to fire.
You are immune to poison.
Your flesh is cold resistant. (rC+)
You are immune to negative energy. (rN+++)
You are immune to unholy pain and torment.
You can survive without breathing.


Message History

An orc priest comes into view. It is wielding a club.
The orc shouts!
A worker ant comes into view.
The orc shouts!
The orc throws a tomahawk.
The tomahawk hits you.
Things that are here:
a tomahawk; 15 gold pieces You take 6 damage, and have 35/41 hp.
There is a stone staircase leading down here.
Found a stone staircase leading up.
A giant cockroach comes into view.
The orc priest calls down the wrath of Beogh upon you.
Beogh smites you!
You take 13 damage, and have 25/41 hp.
MASSIVE DAMAGE!!
The helpless giant cockroach fails to defend itself.
You puncture the giant cockroach!
You kill the giant cockroach!
The orc priest calls down the wrath of Beogh upon you.
You are unaffected.
Aim: an orc The sting hits the orc.
The orc hits you but does no damage.
You now have 9/11 mp.
Aim: an orc (heavily wounded)
The sting hits the orc.
The orc is poisoned.
The orc barely misses you.
You now have 8/11 mp.
Aim: an orc (severely wounded, poisoned)
The sting misses the orc.
The orc barely misses you.
You now have 7/11 mp.
Aim: an orc (severely wounded, poisoned)
The sting misses the orc.
The orc closely misses you.
You now have 6/11 mp.
Aim: an orc priest, wielding a club and wearing a leather armour
Okay, then.
Aim: an orc (severely wounded, poisoned)
The sting hits the orc.
You kill the orc!
The orc wizard shouts!
You now have 5/11 mp.
Aim: an orc priest, wielding a club and wearing a leather armour The sting misses the orc priest.
The orc priest mumbles some strange prayers to Beogh against you.
You struggle to resist.
You now have 4/11 mp.
Aim: an orc priest, wielding a club and wearing a leather armour The sting hits the orc priest.
The orc priest hits you but does no damage.
Aim: an orc priest, wielding a club and wearing a leather armour (moderately wounded)
You miscast Sting.
You are very lightly contaminated with residual magic.
Nothing appears to happen.
The orc priest hits you with a club.
The orc wizard gestures wildly while chanting.
The orc wizard blinks!
You take 2 damage, and have 24/41 hp.
You now have 3/11 mp.
Aim: an orc priest, wielding a club and wearing a leather armour (moderately wounded)
The sting hits the orc priest.
The orc priest appears unharmed.
The orc priest closely misses you.
You now have 2/11 mp.
Aim: an orc priest, wielding a club and wearing a leather armour (moderately wounded)
The sting hits the orc priest.
The orc priest is poisoned.
The orc priest barely misses you.
An adder comes into view.
You now have 1/11 mp.
The adder hisses angrily.
You hit the orc priest.
The orc priest looks even sicker.
The adder moves out of view.
The orc priest hits you with a club.
You take 2 damage, and have 22/41 hp.
You closely miss the orc priest. The orc wizard casts a spell at you.
The magic dart hits you! The orc priest misses you.
You take 7 damage, and have 15/41 hp.
The orc priest invokes the aid of Beogh against you.
You struggle to resist.
The orc wizard hits you but does no damage.
The orc wizard mumbles some strange words.
The orc wizard seems to speed up.
The adder bites you but does no damage.
You feel a bit more experienced.
Aim: an adder The sting misses the adder.
The adder bites you.
The orc wizard mumbles some strange words.
The orc wizard blinks!
The adder bites you.
* * * LOW HITPOINT WARNING * * *
The orc wizard barely misses you.
You take 5 damage, and have 10/41 hp.
You now have 1/11 mp.
Unknown command.
The adder barely misses you. The adder misses you.
The orc wizard hits you but does no damage.
The orc wizard gestures wildly while chanting.
The orc wizard blinks!
The adder barely misses you.
The orc wizard points at you and mumbles some strange words.
The magic dart hits you!
* * * LOW HITPOINT WARNING * * *
You take 9 damage, and have 2/41 hp.
MASSIVE DAMAGE!!
You can't drink.
The orc wizard casts a spell.
The orc wizard blinks!
The adder bites you.
You die...

##.# . ...##
#..##.)......#..# ...#..
##..# #.###........##.#
.....# ##..
#.##.......... .# .#...#
#.##.##/....... ...#.#
#†...##........
.###.########..#....:....
.# #.....§.##............
.# #######...#)..#.......
.# ###o..S@.....<..
####### ##...######...
......# #...# ## ......#
#..## ......# #..#
......##### #..#
....(o.o..###..#######
......###..>.......!.##
#######
############..#######


You could see an orc wizard and an adder.

Vanquished Creatures
  A hound (D:4)
  An orc priest (D:4)
  Jessica (D:3)
  Ijyb (D:3)
  Natasha (thrice) (D:3)
  2 worker ants (D:4)
  A gnoll (D:1)
  2 adders (D:3)
  An adder skeleton (D:4)
  3 worms
  3 leopard geckos (D:3)
  4 orcs
  2 ball pythons
  5 bats
  4 giant cockroaches
  5 goblins
  6 hobgoblins
  3 jackals
  4 frilled lizards
  4 kobolds
  4 rats
60 creatures vanquished.

Notes
Turn   | Place    | Note
-------+----------+-------------------------------------------
     0 | D:1      | esc the Mummy Venom Mage began the quest for the Orb.
     0 | D:1      | Reached XP level 1. HP: 13/13 MP: 3/3
   105 | D:1      | HP: 3/13 [hobgoblin/club (2)]
   117 | D:1      | HP: 1/13 [hobgoblin/club (2)]
   549 | D:1      | Reached XP level 2. HP: 19/19 MP: 1/5
  1319 | D:2      | Reached XP level 3. HP: 21/24 MP: 0/6
  1588 | D:2      | Noticed Natasha
  1638 | D:3      | Reached skill level 2 in Stealth
  1897 | D:3      | Learned a level 1 spell: Apportation
  2051 | D:3      | Noticed Jessica
  2057 | D:3      | Killed Jessica
  2057 | D:3      | Reached skill level 2 in Dodging
  2057 | D:3      | Reached XP level 4. HP: 30/30 MP: 0/8
  2293 | D:3      | Noticed Ijyb
  2308 | D:3      | Killed Ijyb
  2308 | D:3      | Reached skill level 1 in Conjurations
  2464 | D:3      | Found a shimmering altar of Xom.
  2693 | D:3      | Reached skill level 3 in Spellcasting
  2904 | D:3      | Killed Natasha
  2904 | D:3      | Reached XP level 5. HP: 10/35 MP: 7/9
  2963 | D:3      | Noticed Natasha
  2996 | D:3      | Killed Natasha
  3029 | D:3      | Noticed Natasha
  3032 | D:3      | HP: 8/35 [Natasha/magic dart (5)]
  3051 | D:3      | HP: 3/35 [Natasha/magic dart (7)]
  3053 | D:3      | Killed Natasha
  3414 | D:4      | Reached skill level 4 in Poison Magic
  3478 | D:4      | Found a staircase to the Ecumenical Temple.
  3495 | D:4      | Reached XP level 6. HP: 29/41 MP: 10/10
  3539 | Temple   | Entered the Ecumenical Temple
  3612 | Temple   | Became a worshipper of Ashenzari the Shackled
  3823 | D:4      | HP: 10/41 [adder (3)]
  3827 | D:4      | HP: 2/41 [orc wizard/magic dart (9)]
  3830 | D:4      | Slain by an adder

Vault maps used:
D:1:      kennysheep_arrival_seaside, glass_columns_a
D:2:      uniq_natasha
D:3:      tgw_xom, uniq_jessica, uniq_iyjb
D:4:      first_bread
Temple:   nicolae_temple_the_god_donut

Skill      XL: |  1  2  3  4  5 |
---------------+----------------+-----
Stealth        | 2 |  2.8
Dodging        | 2 |  2.6
Conjurations   | 1 |  1.9
Spellcasting   | 3 |  3.3
Poison Magic   | 4 |  4.1
Short Blades   | |  0.2

Action                   |  1- 3 |  4- 6 || total
-------------------------+-------+-------++-------
Melee: Unarmed           |    11 |       ||    11
       Whip              |    14 |       ||    14
       Dagger            |     8 |    46 ||    54
 Cast: Sting             |    66 |    66 ||   132
Evoke: Wand              |       |     3 ||     3
  Use: Scroll            |     1 |     3 ||     4
 Stab: Sleeping          |     1 |     5 ||     6
Armor: Robe              |     5 |    20 ||    25
Dodge: Dodged            |    51 |    51 ||   102

Vault maps used:
D:1:      kennysheep_arrival_seaside, glass_columns_a
D:2:      uniq_natasha
D:3:      tgw_xom, uniq_jessica, uniq_iyjb
D:4:      first_bread
Temple:   nicolae_temple_the_god_donut

Table legend:
 A = Turns spent in this place as a percentage of turns spent in the entire game.
 B = Non-inter-level travel turns spent in this place as a percentage of non-inter-level travel turns spent in the entire game.
 C = Inter-level travel turns spent in this place as a percentage of turns spent in this place.
 D = Turns resting spent in this place as a percentage of non-inter-level travel turns spent in this place.
 E = Turns spent auto-exploring this place as a percentage of non-inter-level travel turns spent in this place.
 F = Non-inter-level travel turns spent in this place divided by the number of levels of this place that you've seen.
                   A       B       C       D       E      F
               +-------+-------+-------+-------+-------+----------------------
         Total | 100.0 | 100.0 |   0.8 |   1.4 |   6.8 | 201.8
       Dungeon |  92.2 |  92.3 |   0.7 |   1.5 |   7.4 | 232.8
        Temple |   7.8 |   7.7 |   1.3 |   0.0 |   0.0 |  78.0
               +-------+-------+-------+-------+-------+----------------------

Table legend:
 A = Kills in this place as a percentage of kills in entire the game.
 B = Kills by you in this place as a percentage of kills by you in the entire game.
 C = Kills by friends in this place as a percentage of kills by friends in the entire game.
 D = Other kills in this place as a percentage of other kills in the entire game.
 E = Experience gained in this place as a percentage of experience gained in the entire game.
 F = Experience gained in this place divided by the number of levels of this place that you have seen.
                   A       B       C       D       E      F
               +-------+-------+-------+-------+-------+----------------------
         Total | 100.0 | 100.0 |  -nan |  -nan | 100.0 |  93.4
       Dungeon | 100.0 | 100.0 |  -nan |  -nan | 100.0 | 116.8
               +-------+-------+-------+-------+-------+----------------------
